 Dungeon Crawl Stone Soup version 0.31-a0-986-g5e6e4ef867 (webtiles) character file.

Game seed: 7938414725941894085

152511 Lobster4 the Earth Mage (level 17, -29/97 HPs)
             Began as a Gargoyle Earth Elementalist on Nov 13, 2023.
             Was a High Priest of Vehumet.
             Killed from afar by a deep elf sorcerer (53 damage)
             ... with damnation
             ... on level 3 of the Elven Halls.
             The game lasted 01:55:58 (37833 turns).

Lobster4 the Earth Mage (GrEE)                     Turns: 37833, Time: 01:55:58

Health: -29/97     AC: 31    Str: 19    XL:     17   Next: 58%
Magic:  11/42      EV: 14    Int: 27    God:    Vehumet [*****.]
Gold:   640        SH: 10    Dex: 10    Spells: 4/38 levels left

rFire   + . .        b - staff of earth
rCold   + + .        w - +0 buckler
rNeg    + + .        i - +3 leather armour "Gisuol" {rF+ rC+}
rPois   ∞            y - +3 hat of Pondering {ponderous, Will+ MP+10 Int+5}
rElec   +            H - +2 cloak {Stlth+}
rCorr   .            Y - +2 pair of gloves {Str+3}
SInv    .            D - +1 pair of boots
Will    +++..        I - amulet of reflection
Stlth   +++          S - ring "Deno" {rC+ rN+ Str+2}
HPRegen 0.36/turn    p - ring of willpower
MPRegen 0.28/turn

%: reflection
@: flying, slow
A: sickness immunity, AC +12, big wings, negative energy resistance 1,
electricity resistance, torment resistance 1, petrification resistance
a: Renounce Religion


You were on level 3 of the Elven Halls.
You worshipped Vehumet.
Vehumet was extremely pleased with you.
You visited 5 branches of the dungeon, and saw 26 of its levels.
You visited 1 bazaar.
You also visited: Volcano.

You collected 2870 gold pieces.
You spent 2230 gold pieces at shops.

Inventory:

Hand Weapons
 a - the +4 war axe "Telaplecs" {drain, rCorr Int+3}
   (You found it on level 4 of the Dungeon)

   Int+3:     It affects your intelligence (+3).
   rCorr:     It protects you from acid and corrosion.
Missiles
 x - 37 poisoned darts (quivered)
 B - 3 curare-tipped darts
Armour
 i - the +3 leather armour "Gisuol" (worn) {rF+ rC+}
   (You bought it in a shop in a bazaar)

   rF+:       It protects you from fire.
   rC+:       It protects you from cold.
 w - a +0 buckler (worn)
 y - the +3 hat of Pondering (worn) {ponderous, Will+ MP+10 Int+5}
   (You took it off Gastronok on level 1 of the Lair of Beasts)

   Int+5:     It affects your intelligence (+5).
   Will+:     It increases your willpower.
   MP+10:     It affects your magic capacity (+10).
 D - a +1 pair of boots (worn)
 H - a +2 cloak of stealth (worn)
 Y - a +2 pair of gloves of strength (worn)
Magical Staves
 b - a staff of earth (weapon)
Jewellery
 f - a ring of resist corrosion
 o - a +6 ring of intelligence
 p - a ring of willpower (right hand)
 s - the amulet "Pocsu" {Faith Regen+ SInv}
   (You bought it in a shop in a bazaar)

   [amulet of faith]

   Faith:     It allows you to gain divine favour quickly.
   SInv:      It lets you see invisible.
   Regen+:    It increases your rate of health regeneration.
 u - an amulet of magic regeneration
 I - an amulet of reflection (around neck)
 S - the ring "Deno" (left hand) {rC+ rN+ Str+2}
   (You acquired it on level 11 of the Dungeon)

   [ring of positive energy]

   Str+2:     It affects your strength (+2).
   rC+:       It protects you from cold.
   rN+:       It protects you from negative energy.
 U - a ring of ice
Wands
 m - a wand of mindburst (11)
 C - a wand of light (7)
 M - a wand of flame (38)
 N - a wand of paralysis (20)
 V - a wand of iceblast (9)
 X - a wand of digging (16)
Scrolls
 c - 2 scrolls of immolation
 g - 4 scrolls of blinking {unknown}
 h - 14 scrolls of teleportation
 n - a scroll of fog
 t - 4 scrolls of enchant weapon
 J - 3 scrolls of revelation
 L - a scroll of poison
 O - 2 scrolls of silence
 P - 2 scrolls of fear {unknown}
Potions
 d - 3 potions of lignification
 e - 4 potions of might
 j - 6 potions of curing
 k - 2 potions of resistance
 l - 2 potions of magic
 q - 3 potions of mutation
 r - 9 potions of heal wounds
 A - 8 potions of haste
 G - 3 potions of invisibility
 R - 6 potions of enlightenment
 T - 2 potions of cancellation
 W - 6 potions of ambrosia
 Z - 3 potions of brilliance


   Skills:
 + Level 7.9 Fighting
 - Level 1.0 Short Blades
 - Level 3.0 Axes
 - Level 1.0 Staves
 - Level 7.0 Armour
 + Level 8.6 Dodging
 - Level 2.1 Stealth
 - Level 6.0 Shields
 + Level 11.4 Spellcasting
 * Level 18.2 Conjurations
 - Level 3.0 Translocations
 - Level 1.0 Transmutations
 - Level 3.0 Ice Magic
 - Level 3.0 Air Magic
 * Level 20.1 Earth Magic
 - Level 3.0 Evocations


You had 4 spell levels left.
You knew the following spells:

 Your Spells              Type           Power      Damage    Failure   Level
a - Sandblast             Erth           100%       2d20      0%          1
b - Stone Arrow           Conj/Erth      100%       3d13      0%          3
c - Bombard               Conj/Erth      54%        9d9       1%          6
d - Brom's Barrelling Bo  Conj/Erth      100%       2d11      0%          4
e - Iskenderun's Mystic   Conj/Tloc      64%        2d13      1%          4
f - Freezing Cloud        Conj/Ice/Air   28%        6-21      1%          5
h - Lee's Rapid Deconstr  Erth           56%        3d26*     1%          5
p - Passwall              Tmut/Erth      69%        N/A       1%          2
s - Petrify               Tmut/Erth      83%        N/A       1%          4

Your spell library contained the following spells:

 Spells                   Type           Power      Damage    Failure   Level
 Fireball                 Conj/Fire      29%        3d13      1%          5
 Magic Dart               Conj           100%       1d8       0%          1
 Searing Ray              Conj           100%       2d8       0%          2
 Kiss of Death            Conj/Necr      100%       2d13      1%          1
 Dazzling Flash           Conj/Hex       100%       N/A       1%          3
 Flame Wave               Conj/Fire      59%        2d14      1%          4
 Fulminant Prism          Conj/Hex       29%        3d13      1%          4
 Leda's Liquefaction      Hex/Erth       40%        N/A       1%          4
 Scorch                   Fire           30%        2d6       2%          2
 Volatile Blastmotes      Fire/Tloc      46%        2d13      2%          3
 Inner Flame              Hex/Fire       15%        N/A       4%          3
 Ozocubu's Armour         Ice            31%        N/A       4%          3
 Necrotise                Necr           60%        1d7       5%          1
 Wereblood                Tmut           20%        N/A       5%          2
 Jinxbite                 Hex            30%        N/A       8%          2
 Tukima's Dance           Hex            15%        N/A       16%         3
 Passage of Golubria      Tloc           31%        N/A       16%         4
 Summon Lightning Spire   Summ/Air       23%        N/A       28%         4
 Dispel Undead            Necr           15%        3d10      45%         4
 Irradiate                Conj/Tmut      30%        3d21      1%          5
 Starburst                Conj/Fire      29%        6d9       5%          6
 Yara's Violent Unravell  Hex/Tmut       9%         3d6       28%         5
 Shatter                  Erth           56%        3d42*     32%         9
 Metabolic Englaciation   Hex/Ice        11%        N/A       61%         5
 Summon Forest            Summ/Tloc      11%        N/A       61%         5
 Summon Mana Viper        Hex/Summ       15%        N/A       82%         5
 Dispersal                Tloc           15%        N/A       93%         6
 Simulacrum               Ice/Necr       11%        N/A       99%         6
 Summon Cactus Giant      Summ           7%         N/A       100%        6
 Maxwell's Capacitive Co  Air            15%        ∞         100%        8
 Chain Lightning          Conj/Air       32%        3d42      100%        9
 Death's Door             Necr           7%         N/A       100%        9
 Fire Storm               Conj/Fire      29%        8d8       100%        9


Dungeon Overview and Level Annotations

Branches:
Dungeon (15/15)            Temple (1/1) D:5            Lair (5/5) D:10
  Swamp (0/4) Lair:3        Snake (0/4) Lair:3        Slime (0/5) Lair:5
    Orc (2/2) D:12            Elf (3/3) Orc:2        Vaults (0/5) D:14
 Depths (0/4) D:15        Volcano (visited)

Altars:
Ashenzari
Cheibriados
Dithmenos
Elyvilon
Fedhas
Gozag
Hepliaklqana
Kikubaaqudgha
Makhleb
Nemelex Xobeh
Okawaru
Qazlal
Ru
Sif Muna
Trog
Uskayaw
Vehumet
Wu Jian
Xom
Yredelemnul
Zin
The Shining One

Shops:
D:4 (   D:12 !   Orc:1 [   Orc:2 ![((([

Portals:
Hell: Lair:5

Annotations:
D:9 2 transporters, Pokonic1's ghost, novice DEFE
D:12 3 runed translucent doors


Innate Abilities, Weirdness & Mutations

You are immune to sickness and miasma.
Your stone body is resilient. (AC +12)
You are immune to poison.
Your large and strong wings let you fly.
You resist negative energy. (rN+)
You are resistant to electric shocks. (rElec)
You are resistant to unholy torment.
You are immune to petrification.


Message History

The deep elf master archer is severely wounded.
You hear a shout!
The deep elf master archer shoots an arrow.
You block the arrow with an invisible shield... and reflect it back!
The arrow completely misses the deep elf master archer.
Casting: Lee's Rapid Deconstruction (safe; 1% risk of failure)
Confirm with . or Enter, or press ? or * to list all spells.
Aiming: Lee's Rapid Deconstruction (safe; 1% risk of failure)
Press: ? - help, Dir - move target A stone wall.
You feel a surge of power!
The wall shatters!
The blast of rock fragments hits the deep elf master archer!
The deep elf master archer is almost dead.
A deep elf pyromancer comes into view. It is wielding a +0 dagger.
The deep elf master archer shoots an arrow.
The arrow closely misses you.
Casting: Lee's Rapid Deconstruction (safe; 1% risk of failure)
Confirm with . or Enter, or press ? or * to list all spells.
Aiming: Lee's Rapid Deconstruction (safe; 1% risk of failure)
Press: ? - help, Dir - move target A stone wall.
You feel a surge of power!
The wall shatters!
The blast of rock fragments hits the deep elf master archer!!!
You kill the deep elf master archer!
Vehumet accepts your kill.
You feel your power returning.
You hear a shout!
The deep elf sorcerer howls an incantation.
The deep elf sorcerer's hands start to glow.
A deep elf knight comes into view.
A deep elf sorcerer comes into view. It is wielding a +0 long sword.
The deep elf sorcerer gestures at you while chanting.
The sphere of damnation explodes!
The damnation engulfs you!!
* * * LOW HITPOINT WARNING * * *
You hear a shout!
There is a stone staircase leading up here.
The deep elf sorcerer casts a spell at you.
The sphere of damnation explodes!
The damnation engulfs you!!!
Ouch! That really hurt!
You die...

...).. ..e.
#################.#########
..............<....<......^
..............)............
######[#########'#########
................e.......
.............e..........
..........@.............
...##################### ..
.


You could see 2 deep elf sorcerers.

Vanquished Creatures
  A bone dragon (Elf:1)
  2 deep elf master archers (Elf:3)
  Gastronok (Lair:1)
  Agnes (D:15)
  Kirke (Lair:4)
  A deep elf sorcerer (Elf:2)
  Louise (D:15)
  2 deep elf elementalists
  An orc warlord (Orc:1)
  A deep elf demonologist (Elf:1)
  Azrael (Elf:2)
  Nessos (D:13)
  2 deep elf annihilators
  A fire dragon (D:15)
  2 deep elf high priests (Elf:3)
  An ice dragon (D:15)
  A vault guard (D:14)
  A hydra (D:15)
  A juggernaut simulacrum (Elf:1)
  A rakshasa (D:13)
  Erolcha (D:12)
  3 ghost crabs (Elf:1)
  An ogre mage (D:15)
  3 boulder beetles
  2 centaur warriors
  A death knight (D:14)
  26 dancing weapons
  11 two-headed ogres
  6 death yaks
  An occultist (Lair:5)
  A tengu warrior (D:13)
  4 orc high priests (Orc:2)
  13 deep elf knights
  A skyshark (Lair:4)
  A sixfirhy (Lair:5)
  12 deep elf archers
  A lindwurm (Lair:1)
  A phantasmal warrior (D:14)
  2 orc knights (Orc:1)
  A glowing orange brain (D:14)
  25 deep elf pyromancers
  15 deep elf zephyrmancers
  4 oklob plants (Lair:5)
  A salamander (Volcano)
  5 orc sorcerers
  A tengu skeleton (Elf:1)
  3 ugly things (D:14)
  3 cyclopes
  An iron dragon skeleton (Elf:1)
  4 manticores
  An ice statue (D:10)
  4 torpor snails
  15 elephants
  A titan simulacrum (Elf:1)
  A water nymph (shapeshifter) (D:13)
  6 black mambas
  3 gargoyles
  A smoke demon (Lair:5)
  8 cane toads
  Jeremiah (D:6)
  4 orange demons (Lair:5)
  10 komodo dragons
  7 rime drakes
  3 unseen horrors
  A kobold demonologist (D:12)
  An efreet (D:14)
  A tengu conjurer (D:13)
  2 ice devils (Lair:5)
  9 meliai
  5 trolls
  2 hornets (D:10)
  A polar bear (shapeshifter) (D:11)
  2 queen bees (D:12)
  2 polar bears
  A raiju (shapeshifter) (D:15)
  14 blink frogs
  A tengu simulacrum (Elf:1)
  9 slime creatures
  12 dream sheep
  An air elemental (Elf:1)
  2 water elementals (Elf:1)
  4 shadows
  4 wyverns
  Eustachio (D:6)
  45 yaks
  2 vampires
  3 hogs (Lair:4)
  6 basilisks
  3 wraiths (D:14)
  A fire bat (Volcano)
  3 small abominations (Elf:1)
  3 fire elementals
  10 vampire mosquitoes
  Menkaure (D:4)
  3 steam dragons
  4 wargs
  12 water moccasins
  29 orc warriors
  9 hell hounds
  A glowing shapeshifter skeleton (Elf:1)
  4 ice beasts
  2 sky beasts
  A black bear (D:4)
  4 ogres
  8 centaurs
  4 kobold brigands
  14 bullfrogs
  4 gnoll sergeants
  4 earth elementals (Elf:1)
  3 scorpions
  38 killer bees
  4 howler monkeys
  2 electric eels (D:12)
  3 quasits
  2 jellies
  2 gnoll boudas
  26 orc priests
  4 sleepcaps
  Crazy Yiuf (D:3)
  Jessica (D:3)
  Terence (D:3)
  4 hell rats (Lair:2)
  3 iguanas
  Natasha (thrice) (D:3)
  26 orc wizards
  27 gnolls
  9 adders
  A shadow imp (D:5)
  A white imp (D:6)
  3 ufetubi (D:5)
  6 worms
  A dart slug (D:3)
  77 orcs
  7 ball pythons
  3 endoplasms
  2 giant cockroaches
  9 goblins
  5 hobgoblins
  2 quokkas
  6 bats
  A frilled lizard (D:2)
  18 kobolds
  6 rats
805 creatures vanquished.

Vanquished Creatures (collateral kills)
  2 boulders (D:11)
2 creatures vanquished.

Vanquished Creatures (others)
  4 boulders
4 creatures vanquished.

Grand Total: 811 creatures vanquished

Notes
Turn   | Place    | Note
-------+----------+-------------------------------------------
     0 | D:1      | Lobster4 the Gargoyle Earth Elementalist began the quest
                  | for the Orb.
     0 | D:1      | Reached XP level 1. HP: 10/10 MP: 3/3
   203 | D:1      | Reached XP level 2. HP: 16/16 MP: 1/5
   206 | D:1      | Learned a level 2 spell: Passwall
   666 | D:1      | Found a faded altar of an unknown god.
   676 | D:1      | Got Plato's Handbook of Spectres
   816 | D:2      | Reached skill level 1 in Fighting
   818 | D:2      | Reached skill level 1 in Transmutations
   818 | D:2      | Reached skill level 4 in Earth Magic
   818 | D:2      | Reached XP level 3. HP: 20/20 MP: 2/6
   822 | D:2      | Learned a level 3 spell: Stone Arrow
   906 | D:2      | Noticed Terence
  1458 | D:3      | Reached XP level 4. HP: 23/25 MP: 2/7
  1566 | D:3      | Reached skill level 1 in Conjurations
  1647 | D:3      | Noticed Jessica
  1649 | D:3      | Killed Jessica
  1650 | D:3      | Reached skill level 1 in Armour
  1914 | D:3      | Noticed Natasha
  1930 | D:3      | Killed Natasha
  1931 | D:3      | Reached XP level 5. HP: 30/30 MP: 4/8
  2034 | D:3      | Found a runed translucent door.
  2035 | D:3      | Noticed Crazy Yiuf
  2105 | D:3      | Noticed Natasha
  2110 | D:3      | Killed Natasha
  2111 | D:3      | Reached skill level 1 in Short Blades
  2537 | D:3      | Found a runed translucent door.
  2566 | D:3      | Noticed Natasha
  2573 | D:3      | Killed Natasha
  2640 | D:3      | Killed Terence
  3089 | D:4      | Noticed a steam dragon
  3119 | D:4      | Reached skill level 5 in Earth Magic
  3165 | D:4      | Noticed Menkaure
  3180 | D:3      | Reached XP level 6. HP: 17/35 MP: 2/10
  3257 | D:4      | Killed Menkaure
  3271 | D:4      | Found Tygar's Antique Weapon Shoppe.
  3334 | D:4      | Identified the +4 war axe "Telaplecs" {drain, rCorr Int+3}
  3408 | D:4      | Found a stormy altar of Qazlal.
  3813 | D:4      | Found a hazy altar of Hepliaklqana.
  3813 | D:4      | Noticed a black bear
  3820 | D:4      | Killed a black bear
  3821 | D:4      | Reached XP level 7. HP: 37/40 MP: 6/11
  4041 | D:4      | Killed a steam dragon
  4042 | D:4      | Reached skill level 1 in Axes
  4042 | D:4      | Reached skill level 6 in Earth Magic
  4247 | D:5      | Entered Level 5 of the Dungeon
  4442 | D:5      | Reached XP level 8. HP: 44/44 MP: 8/13
  4845 | D:5      | Found a staircase to the Ecumenical Temple.
  4862 | D:5      | Reached skill level 7 in Earth Magic
  4915 | D:5      | Reached skill level 5 in Conjurations
  5178 | D:5      | Found a shimmering blue altar of Sif Muna.
  5579 | Temple   | Entered the Ecumenical Temple
  5583 | Temple   | Became a worshipper of Vehumet
  5699 | D:3      | Killed Crazy Yiuf
  5990 | D:6      | Noticed Jeremiah
  6102 | D:6      | Identified a scroll of acquirement
  6102 | D:6      | Acquired a staff of conjuration
  6227 | D:6      | Learned a level 4 spell: Brom's Barrelling Boulder
  6320 | D:6      | Reached XP level 9. HP: 48/48 MP: 11/14
  6331 | D:6      | Found a large runed translucent door.
  6332 | D:6      | Found a large runed translucent door.
  6440 | D:6      | Identified the of Biroeb (You acquired it on level 6 of
                  | the Dungeon)
  6440 | D:6      | Acquired a staff of earth
  6490 | D:6      | Killed Jeremiah
  6491 | D:6      | Reached skill level 8 in Earth Magic
  6491 | D:6      | Reached skill level 1 in Evocations
  6938 | D:6      | Noticed Eustachio
  7499 | D:7      | Reached * piety under Vehumet
  7499 | D:7      | Offered knowledge of Shock by Vehumet.
  7592 | D:7      | Reached skill level 5 in Armour
  7592 | D:7      | Reached skill level 9 in Earth Magic
  7594 | D:7      | Reached XP level 10. HP: 41/53 MP: 8/17
  8477 | D:8      | Noticed a two-headed ogre
  8486 | D:8      | Killed a two-headed ogre
  8487 | D:8      | Reached skill level 5 in Spellcasting
  8666 | D:8      | Offered knowledge of Foxfire by Vehumet.
  8745 | D:8      | Reached ** piety under Vehumet
  8944 | D:8      | Found a glowing golden altar of the Shining One.
  9015 | D:8      | Reached skill level 10 in Earth Magic
  9362 | D:9      | Found a transporter.
  9363 | D:9      | Noticed Pokonic1's ghost (novice DEFE)
  9363 | D:9      | Identified the +2 dire flail of the Three Queens {freeze,
                  | Fly SInv}
  9363 | D:9      | Identified the +5 great mace of Mayhem {elec, rElec rPois
                  | rF+}
  9363 | D:9      | Noticed a two-headed ogre
  9363 | D:9      | Noticed a two-headed ogre
  9364 | D:9      | Noticed a two-headed ogre
  9381 | D:9      | Found a transporter.
  9425 | D:8      | Reached skill level 5 in Dodging
 10146 | D:9      | Reached XP level 11. HP: 57/57 MP: 4/19
 10244 | D:9      | Offered knowledge of Scorch by Vehumet.
 10500 | D:10     | Identified the "Luytreck"
 10500 | D:10     | Entered Level 10 of the Dungeon
 10550 | D:10     | Reached skill level 11 in Earth Magic
 10608 | D:10     | Noticed a two-headed ogre
 10635 | D:10     | Killed a two-headed ogre
 10640 | D:10     | Reached *** piety under Vehumet
 10727 | D:10     | Noticed a two-headed ogre
 10736 | D:10     | Killed a two-headed ogre
 10903 | D:10     | Noticed a two-headed ogre
 10911 | D:10     | Killed a two-headed ogre
 10912 | D:10     | Reached skill level 10 in Conjurations
 10981 | D:10     | Found a staircase to the Lair.
 11399 | D:10     | Noticed a centaur warrior
 11409 | D:10     | Killed a centaur warrior
 11409 | D:10     | Offered knowledge of Sticky Flame by Vehumet.
 11410 | D:10     | Reached skill level 12 in Earth Magic
 11711 | D:10     | Noticed a two-headed ogre
 11717 | D:10     | Killed a two-headed ogre
 12029 | D:10     | Acquired a book of the Earth
 12038 | D:10     | Learned a level 6 spell: Bombard
 12044 | D:10     | Learned a level 5 spell: Lee's Rapid Deconstruction
 12349 | D:11     | Noticed a cyclops
 12352 | D:11     | Killed a cyclops
 12444 | D:11     | Reached XP level 12. HP: 62/62 MP: 17/22
 12995 | D:11     | Acquired the ring "Deno" {rC+ rN+ Str+2}
 13083 | D:11     | Reached skill level 13 in Earth Magic
 13344 | D:9      | Reached skill level 1 in Staves
 13466 | D:6      | Killed Eustachio
 13524 | D:6      | Found a bloodstained altar of Trog.
 13595 | D:6      | Found a sacrificial altar of Ru.
 13770 | Lair:1   | Entered Level 1 of the Lair of Beasts
 13812 | Lair:1   | Found a dark tunnel.
 13856 | Volcano  | Entered a volcano
 13870 | Volcano  | Noticed a two-headed ogre
 13870 | Volcano  | Noticed a two-headed ogre
 13880 | Volcano  | Killed a two-headed ogre
 13891 | Volcano  | Killed a two-headed ogre
 14255 | Lair:1   | Noticed Gastronok
 14267 | Lair:1   | Killed Gastronok
 14501 | Lair:1   | Reached **** piety under Vehumet
 14551 | Lair:1   | Reached skill level 14 in Earth Magic
 14681 | Lair:1   | Offered knowledge of Ignite Poison by Vehumet.
 15046 | Lair:2   | Reached XP level 13. HP: 68/68 MP: 20/24
 15107 | Lair:2   | Found a snail-covered altar of Cheibriados.
 16378 | Lair:2   | Learned a level 4 spell: Petrify
 16634 | Lair:3   | Reached ***** piety under Vehumet
 16644 | Lair:3   | Offered knowledge of Fulminant Prism by Vehumet.
 17212 | Lair:3   | Found a staircase to the Snake Pit.
 17233 | Lair:3   | Reached skill level 15 in Earth Magic
 17269 | Lair:3   | Found a staircase to the Swamp.
 17481 | Lair:3   | Found a white marble altar of Elyvilon.
 18336 | Lair:4   | Noticed Kirke
 18408 | Lair:4   | Killed Kirke
 18409 | Lair:4   | Reached skill level 5 in Fighting
 19035 | Lair:4   | Gained mutation: Your large and strong wings let you fly.
                  | [Gargoyle growth]
 19035 | Lair:4   | Reached XP level 14. HP: 78/78 MP: 26/26
 19283 | Lair:4   | Reached skill level 16 in Earth Magic
 19824 | Lair:4   | Identified the +1 rapier of Wynn {protect, *Slow Will+
                  | Dex+2}
 20078 | Lair:4   | Identified the +8 spear "Tully" {elec, Str+4}
 20359 | Lair:5   | Entered Level 5 of the Lair of Beasts
 20359 | Lair:5   | Found a staircase to the Slime Pits.
 21527 | Lair:5   | Reached skill level 15 in Conjurations
 22132 | Lair:5   | Offered knowledge of Iskenderun's Mystic Blast by Vehumet.
 22133 | Lair:5   | Reached skill level 17 in Earth Magic
 22219 | Lair:5   | Learned a level 4 spell: Iskenderun's Mystic Blast
 22229 | Lair:5   | Found a burning altar of Makhleb.
 22520 | Lair:5   | Reached skill level 1 in Translocations
 22599 | Lair:5   | Found a gateway to Hell.
 23032 | D:12     | Found Howuag's Distillery.
 23035 | D:12     | Found a runed translucent gate.
 23036 | D:12     | Found a runed translucent gate.
 23037 | D:12     | Found a runed translucent gate.
 23039 | D:12     | Bought 2 potions of heal wounds for 120 gold pieces
 23109 | D:12     | Noticed Erolcha
 23113 | D:12     | Killed Erolcha
 23362 | D:12     | Found a staircase to the Orcish Mines.
 23570 | D:12     | You are sucked into a shaft and drop 3 floors!
 23570 | D:15     | Entered Level 15 of the Dungeon
 23590 | D:14     | Found a blossoming altar of Fedhas.
 23634 | D:13     | Noticed Nessos
 23762 | D:13     | Reached XP level 15. HP: 82/82 MP: 24/28
 24331 | D:12     | Offered knowledge of Arcjolt by Vehumet.
 24677 | Orc:1    | Entered Level 1 of the Orcish Mines
 24909 | Orc:1    | Found Qetoack's Antique Armour Shop.
 24980 | Orc:1    | Reached skill level 10 in Spellcasting
 25848 | Orc:1    | Noticed an orc warlord
 25993 | Orc:1    | Killed an orc warlord
 25994 | Orc:1    | Reached skill level 1 in Shields
 26250 | Orc:2    | Entered Level 2 of the Orcish Mines
 26257 | Orc:2    | Found Hisurad's Antique Weapon Shop.
 26695 | Orc:2    | Found a staircase to the Elven Halls.
 26839 | Orc:2    | Found Wiotoef's Armour Boutique.
 27248 | Orc:2    | Offered knowledge of Freezing Cloud by Vehumet.
 27274 | Orc:2    | Learned a level 5 spell: Freezing Cloud
 27360 | Orc:2    | Reached skill level 18 in Earth Magic
 27818 | Orc:2    | Found Tewk's Weapon Shop.
 27818 | Orc:2    | Found Raseawk's Weapon Shop.
 27819 | Orc:2    | Found Bacvu Ulo's Antique Armour Boutique.
 27823 | Orc:2    | Found Miduw's Distillery.
 27829 | Orc:2    | Bought a potion of heal wounds for 60 gold pieces
 27956 | Orc:2    | Bought a pair of embroidered boots for 157 gold pieces
 28011 | Orc:1    | Bought a spiked scale mail for 171 gold pieces
 28011 | Orc:1    | Identified the +0 scale mail of Neumig {rCorr Int+4} (You
                  | bought it in a shop on level 1 of the Orcish Mines)
 28180 | D:4      | Bought a bone flail for 272 gold pieces
 28180 | D:4      | Identified the +7 flail "Fuso" {flame, rF+ Int+5} (You
                  | bought it in a shop on level 4 of the Dungeon)
 28593 | D:13     | Found a transporter.
 28609 | D:13     | Reached skill level 1 in Ice Magic
 28821 | D:13     | Found a transporter.
 28922 | D:13     | Identified the +0 helmet of Afi Emna {-Cast rCorr Str+4
                  | Dex+3}
 29041 | D:13     | Killed Nessos
 29042 | D:13     | Reached skill level 1 in Air Magic
 30172 | D:14     | Found a gate to the Vaults.
 30521 | D:15     | Noticed Louise
 30536 | D:15     | Killed Louise
 30911 | D:15     | Found a staircase to the Depths.
 31000 | D:15     | Reached XP level 16. HP: 88/88 MP: 28/30
 31277 | D:15     | Noticed Agnes
 31280 | D:15     | Killed Agnes
 32344 | Swamp:4  | Identified the "Zoomeuhu"
 32344 | Crypt:3  | Identified the "Toikhupi"
 32344 | Depths:2 | Identified the "Midam"
 32344 | Elf:1    | Identified the "Yvets"
 32344 | Elf:1    | Entered Level 1 of the Elven Halls
 33215 | Elf:1    | Offered knowledge of Fireball by Vehumet.
 33800 | Elf:1    | Identified the +2 chain mail of Bad Feelings {rPois rF+
                  | Will- Int+2}
 33909 | Elf:1    | Reached skill level 19 in Earth Magic
 34038 | Elf:1    | Noticed a bone dragon
 34999 | Elf:1    | Reached skill level 5 in Shields
 35318 | Elf:1    | Killed a bone dragon
 35641 | Elf:2    | Identified the "Weimaod"
 35780 | Elf:2    | Found a flickering gateway to a bazaar.
 35787 | Bazaar   | Entered a bazaar
 35787 | Bazaar   | Found Nechatyp's Weapon Shop.
 35822 | Bazaar   | Found Xeaxt's Armour Shoppe.
 35828 | Bazaar   | Found Vangu's Jewellery Boutique.
 35833 | Bazaar   | Found Uxiah's Antique Armour Emporium.
 35839 | Bazaar   | Found Etedotih's Book Shop.
 35907 | Bazaar   | Bought a scorched leather armour for 203 gold pieces
 35907 | Bazaar   | Identified the +3 leather armour "Gisuol" {rF+ rC+} (You
                  | bought it in a shop in a bazaar)
 35923 | Bazaar   | Bought the amulet "Pocsu" {Faith Regen+ SInv} for 614 gold
                  | pieces
 35930 | Bazaar   | Bought the +6 short sword of Kotur {elec, rN+} for 633 gold
                  | pieces
 36048 | Elf:2    | Reached XP level 17. HP: 96/96 MP: 32/32
 36272 | Elf:2    | Found a runed translucent gate.
 36272 | Elf:2    | Found a runed translucent gate.
 36272 | Elf:2    | Found a runed translucent gate.
 36404 | Elf:2    | Noticed Azrael
 36434 | Elf:2    | Killed Azrael
 37535 | Elf:3    | Identified the of Plog
 37535 | Elf:3    | Entered Level 3 of the Elven Halls
 37546 | Elf:3    | Noticed a Hell Sentinel
 37551 | Elf:2    | Reached skill level 20 in Earth Magic
 37812 | Elf:3    | Noticed a deep elf master archer
 37816 | Elf:3    | Killed a deep elf master archer
 37822 | Elf:3    | Noticed a deep elf master archer
 37826 | Elf:3    | Killed a deep elf master archer
 37833 | Elf:3    | Killed from afar by a deep elf sorcerer

Illustrated notes

Levels and vault maps discovered:
D:1:      dpeg_arrival_pond, layout_loops_ring,
          shapermc_ecumenical_altar_rom_forum, minmay_misc_feat_more_columns
D:2:      layout_rooms, nicolae_houndstooth_variations, uniq_terence
D:3:      layout_loops_cross, uniq_jessica, uniq_natasha,
          uniq_crazy_yiuf_cottage
D:4:      minmay_angry_zag, layout_gridville, grunt_qazlal_sundering,
          mainiacjoe_overflow_alcove_4, serial_shops,
          nicolae_shop_tiny_statue_garden, uniq_menkaure
D:5:      layout_gridville, mainiacjoe_overflow_alcove_1,
          minmay_temple_entry_statues_fountains, serial_demonic,
          serial_demonic_c, serial_demonic_a, serial_demonic_e,
          serial_demonic_e, lemuel_flamethrower_2
D:6:      layout_gridville, jmf_multi_god_temple2, serial_rivers,
          chequers_serial_rivers_small_a, chequers_serial_rivers_small_b,
          chequers_serial_rivers_micro_b, chequers_serial_rivers_micro_a,
          chequers_serial_rivers_micro_b, chequers_serial_rivers_large_b,
          chequers_decorated_corner, uniq_jeremiah, uniq_eustachio
D:7:      layout_loops_ring, grunt_ministairs_6
D:8:      layout_rooms, kennysheep_mini, moated_statue
D:9:      layout_small_grid, gammafunk_ghost_smash
D:10:     lemuel_ice_statue, layout_layer_cave, lair_entry_dummy,
          onia_ninara_cookie
D:11:     layout_roguey
D:12:     layout_roguey [special_room_bee], orc_david_3,
          ploomutoo_gammafunk_ghost_potion_laboratory, serial_shops,
          nicolae_shop_tiny_waterfront, minmay_misc_feat_iff, hive_lemuel,
          uniq_erolcha
D:13:     gammafunk_boulding_lane, layout_small_grid, uniq_nessos
D:14:     layout_roguey, hellmonk_vaults_order_and_chaos, fedhas_altar_1,
          chequers_serial_rivers_micro_d
D:15:     grunt_enter_depths_hoard, layout_layer_cave, uniq_agnes, uniq_louise
Temple:   nicolae_temple_x_marks_the_god
Lair:1:   layout_hall_layers, nicolae_volcano_entry_vermiform, uniq_gastronok
Lair:2:   layout_cave_pods, kennysheep_snail_temple, grunt_megastairs_4
Lair:3:   layout_hall_layers, swamp_mist, dummy_snake_entry, basic_altar,
          nicolae_lair_grove_arrangements
Lair:4:   layout_cave_pods, grunt_megastairs_1, uniq_kirke
Lair:5:   evil_forest, layout_cave_pods, minmay_slime_entry_oklob_open,
          pdpol_lair_neglected_garden, chequers_serial_rivers_micro_e,
          st_stairs_5, chequers_serial_rivers_room_a
Orc:1:    cheibrodos_orc_arena, layout_caves, serial_shops,
          nicolae_shop_hallway_stairs, guppyfry_library_mini
Orc:2:    st_orc_mages, layout_diamond_mine, basic_altar, serial_shops, shop,
          nicolae_lakefront_shop
Elf:1:    layout_loops_corners, minivault_28, hangedman_research_thanatology,
          grunt_megastairs_2
Elf:2:    nicolae_elf_blades_splatter_lattice
          [nicolae_blade_entry_floor_patterns], layout_geoelf_octagon,
          serial_shops, bzr_entry_water, uniq_azrael
Elf:3:    nooodl_elf_gasket, layout_onion_city

Skill      XL: |  1  2  3  4  5  6  7  8  9 10 11 12 13 14 15 16 17 |
---------------+----------------------------------------------------+-----
Fighting       | 1 2 3 5 7 |  7.9
Transmutations | 1 |  1.0
Earth Magic    | 4 5 6 7 9 10 12 14 15 17 18 19 20 | 20.1
Conjurations   | 1 2 3 4 5 7 9 10 12 13 15 16 17 18 | 18.2
Armour         | 1 2 3 5 6 7 |  7.0
Dodging        | 2 3 4 5 6 7 8 |  8.6
Short Blades   | 1 |  1.0
Spellcasting   | 3 4 5 6 7 8 9 10 11 | 11.4
Axes           | 1 2 3 |  3.0
Evocations     | 2 3 |  3.0
Staves         | 1 |  1.0
Translocations | 1 3 |  3.0
Shields        | 3 5 6 |  6.0
Ice Magic      | 2 3 |  3.0
Air Magic      | 2 3 |  3.0
Stealth        | |  2.1

Action                     |  1- 3 |  4- 6 |  7- 9 | 10-12 | 13-15 | 16-18 || total
---------------------------+-------+-------+-------+-------+-------+-------++-------
  Melee: Dagger            |     2 |       |       |       |       |       ||     2
         War axe           |       |    17 |       |       |       |       ||    17
         Punch             |       |     1 |       |       |       |       ||     1
         Staff             |       |       |       |     1 |     5 |       ||     6
  Throw: Stone             |     1 |       |       |       |       |       ||     1
         Boomerang         |       |     7 |     5 |       |       |       ||    12
         Dart              |       |     2 |    35 |    68 |    86 |     4 ||   195
         Throwing net      |       |       |       |     1 |       |       ||     1
   Cast: Sandblast         |    45 |    71 |   126 |   132 |   234 |    10 ||   618
         Stone Arrow       |       |       |    33 |   166 |   320 |    33 ||   552
         Brom's Barrelling |       |       |       |     7 |       |       ||     7
         Lee's Rapid Decon |       |       |       |     4 |     7 |    33 ||    44
         Bombard           |       |       |       |     7 |   220 |   154 ||   381
         Petrify           |       |       |       |       |     1 |       ||     1
         Iskenderun's Myst |       |       |       |       |     9 |     5 ||    14
         Freezing Cloud    |       |       |       |       |       |     5 ||     5
  Evoke: Wand              |       |       |     2 |     7 |     2 |     4 ||    15
    Use: Scroll            |       |     1 |    15 |     9 |    11 |     5 ||    41
         Potion            |       |       |       |     1 |     2 |       ||     3
   Stab: Sleeping          |     1 |     2 |       |       |       |       ||     3
 Armour: Robe              |     3 |       |       |       |       |       ||     3
         Leather armour    |     4 |    32 |    96 |    74 |   217 |    97 ||   520
         Steam dragon scal |       |       |       |    86 |       |       ||    86
  Dodge: Dodged            |     2 |    30 |   119 |   115 |   156 |    35 ||   457
  Block: Other             |       |       |       |    19 |    49 |       ||    68
         Reflection        |       |       |       |     5 |     2 |     9 ||    16
         Buckler           |       |       |       |       |    25 |    31 ||    56

Table legend: (Time is in decaauts)
 A = Elapsed time spent in this place.
 B = Non-inter-level travel time spent in this place.
 C = Inter-level travel time spent in this place.
 D = Time resting spent in this place.
 E = Time spent auto-exploring this place.
 F = Levels seen in this place.
 G = Mean time per level.
                   A        B        C        D        E       F      G
               +--------+--------+--------+--------+--------+-----+--------+
         Total |  39331 |  36709 |   2622 |   8653 |  21228 |  28 | 1404.7 |
       Dungeon |  21005 |  18910 |   2095 |   3688 |  11729 |  15 | 1400.3 |
        Temple |      8 |      5 |      3 |      0 |      0 |   1 |    8.0 |
          Lair |   9245 |   9017 |    228 |   1987 |   5627 |   5 | 1849.0 |
  Orcish Mines |   3524 |   3336 |    188 |   1238 |   1380 |   2 | 1762.0 |
   Elven Halls |   5023 |   4916 |    107 |   1633 |   2381 |   3 | 1674.3 |
        Bazaar |    168 |    168 |      0 |      0 |     96 |   1 |  168.0 |
       Volcano |    355 |    355 |      0 |    105 |     13 |   1 |  355.0 |
               +--------+--------+--------+--------+--------+-----+--------+

Top non-repeatable levels by time:
   Elf:1: 2899 daAuts
  Lair:4: 2433 daAuts
  Lair:5: 2272 daAuts
   Orc:2: 2076 daAuts
   Elf:2: 2016 daAuts
    D:10: 1948 daAuts
     D:3: 1926 daAuts
    D:15: 1917 daAuts
  Lair:3: 1856 daAuts
  Lair:2: 1825 daAuts
    D:12: 1817 daAuts
     D:6: 1652 daAuts
     D:4: 1468 daAuts
   Orc:1: 1447 daAuts
     D:7: 1390 daAuts
